 Dungeon Crawl Stone Soup version 0.20.1-1-g8b1a95d (webtiles) character file.

63 n0claF the Caller (level 3, -4/19 HPs)
             Began as a Deep Elf Summoner on Oct 26, 2017.
             Slain by a river rat (8 damage)
             ... on level 3 of the Dungeon.
             The game lasted 00:12:40 (2027 turns).

n0claF the Caller (Deep Elf Summoner)               Turns: 2027, Time: 00:12:41

Health: -4/19      AC:  6    Str:  5    XL:     3   Next: 87%
Magic:  4/10       EV:  6    Int: 20    God:
Gold:   111        SH:  0    Dex: 15    Spells: 7/10 levels left

rFire    x . .     SeeInvis .   (no weapon)
rCold    + . .     Gourm    .   (no shield)
rNeg     . . .     Faith    .   n - +0 scale mail (curse)
rPois    .         Spirit   .   (no helmet)
rElec    .         Reflect  .   (no cloak)
rCorr    .         Harm     .   (no gloves)
MR       .....                  (no boots)
Stlth    +.........             (no amulet)
Regen    0.1/turn               d - ring of ice
MPRegen  0.2/turn               m - ring of wizardry

@: very slightly contaminated, very slow
A: no striking features
a: no special abilities


You were on level 3 of the Dungeon.
You were very hungry.

You visited 1 branch of the dungeon, and saw 3 of its levels.

You collected 111 gold pieces.

Inventory:

Armour
 a - a +0 robe
 n - a cursed +0 scale mail (worn)
 p - a +1 scale mail of positive energy
Jewellery
 d - a ring of ice (left hand)
 m - a ring of wizardry (right hand)
Scrolls
 e - 4 scrolls of identify {unknown}
 f - 2 scrolls of magic mapping {unknown}
 j - 2 scrolls of remove curse {unknown}
 r - a scroll of teleportation {unknown}
 u - a scroll of enchant armour {unknown}
Potions
 g - a potion of curing {unknown}
 h - a potion of lignification {unknown}
 k - a potion of agility {unknown}
 l - 2 potions of haste {unknown}
 o - a potion of berserk rage {unknown}
 q - a potion of ambrosia {unknown}
 s - a potion of invisibility {unknown}
 t - 2 potions of flight {unknown}
Books
 b - a book of Callings

   Spells                             Type                      Level
   a - Summon Small Mammal            Summoning                    1
   b - Call Imp                       Summoning                    2
   c - Call Canine Familiar           Summoning                    3
   d - Summon Guardian Golem          Hexes/Summoning              3
   e - Summon Lightning Spire         Summoning/Air                4
   f - Summon Ice Beast               Ice/Summoning                4
Comestibles
 c - 3 bread rations
 i - 2 royal jellies


   Skills:
 + Level 2.4 Dodging
 + Level 2.5 Stealth
 + Level 0.1 Unarmed Combat
 + Level 4.2 Spellcasting
 + Level 5.4 Summonings


You had 7 spell levels left.
You knew the following spells:

 Your Spells              Type           Power        Failure   Level  Hunger
a - Summon Small Mammal   Summ           ####         14%         1    None
b - Call Imp              Summ           ####....     21%         2    #......


Dungeon Overview and Level Annotations

Branches:
Dungeon (3/15)

Altars:
Qazlal
Yredelemnul


Message History

Confirm with . or Enter, or press ? or * to list all spells.
A beastly little devil appears in a puff of flame.
The river rat bites you. The river rat barely misses you.
Casting: Call Imp
Confirm with . or Enter, or press ? or * to list all spells.
A beastly little devil appears in a puff of flame.
The river rat bites you.
* * * LOW HITPOINT WARNING * * *
Your crimson imp hits the river rat but does no damage.
You swap places.
Your crimson imp barely misses the river rat.
The river rat completely misses your crimson imp.
Your crimson imp blinks!
Casting: Call Imp
Confirm with . or Enter, or press ? or * to list all spells.
You miscast Call Imp.
You are very lightly contaminated with residual magic.
You feel a strange surge of energy! The river rat bites you!
You die...

.# ###.## #.... ##
##... .. ...
#.#5##########
#..<#≈.≈≈≈5≈.##
###..########≈#
.......##≈@r55##≈#
.#####.#≈#####≈#≈#
..#≈# #.#≈# ##.#5#
#≈#5# ..#≈# ≈.#≈#
..#≈#######≈###
..##≈≈5≈≈.≈##.#
##########<#
#5####


You could see a river rat and 2 friendly crimson imps.

Vanquished Creatures (collateral kills)
  Terence (D:2)
  4 adders
  A river rat (D:3)
  A worm (D:3)
  A leopard gecko (D:1)
  An orc (D:3)
  2 giant cockroaches (D:1)
  7 goblins
  2 hobgoblins (D:2)
  8 kobolds
  6 bats
  2 frilled lizards
  2 rats (D:1)
  A spectral orc (D:2)
39 creatures vanquished.

Notes
Turn   | Place    | Note
-------+----------+-------------------------------------------
     0 | D:1      | n0claF the Deep Elf Summoner began the quest for the Orb.
     0 | D:1      | Reached XP level 1. HP: 10/10 MP: 6/6
   510 | D:1      | Reached XP level 2. HP: 15/15 MP: 8/8
   514 | D:1      | Learned a level 2 spell: Call Imp
   888 | D:2      | Reached skill level 5 in Summonings
  1171 | D:2      | Noticed Terence
  1185 | D:2      | Killed Terence
  1185 | D:2      | Reached XP level 3. HP: 19/19 MP: 2/10
  1277 | D:2      | Found a basalt altar of Yredelemnul.
  1361 | D:2      | Found a stormy altar of Qazlal.
  1387 | D:2      | You fall through a shaft!
  2027 | D:3      | Slain by a river rat

Skill      XL: |  1  2  3 |
---------------+----------+-----
Summonings     | 5 |  5.4
Spellcasting   | 4 |  4.2
Dodging        | |  2.4
Stealth        | |  2.5
Unarmed Combat | |  0.1

Action                   || total
-------------------------++-------
Melee: Unarmed           ||     3
 Cast: Summon Small Mamm ||    23
       Call Imp          ||    32
 Stab: Distracted        ||     1
  Eat: Chunk             ||     3
Armor: Robe              ||     7
       Scale mail        ||    24
Dodge: Dodged            ||    52
